![]() |
![]() |
![]() |
html PUBLIC "-//W3C//DTD XHTML 1.0 Transitional//EN" "http://www.w3.org/TR/xhtml1/DTD/xhtml1-transitional.dtd">
SPOKANE KNIGHTS vs CALGARY FIREMENCreated - 30 novembre 2024 at 10:13
1st period
1. SPOKANE KNIGHTS , Dylan Guenther 4 (Evan Bouchard 13, Quinton Byfield 6) at 0:51 (PP)
2. CALGARY FIREMEN , Filip Forsberg 10 (Evgeny Kuznetsov 11) at 7:13 3. CALGARY FIREMEN , Fabian Zetterlund 4 (Andrew Copp 6, Jared Spurgeon 8) at 8:24 Penalties :
Martin Fehervary (CGY) for Hooking (Minor) at 0:45, Jake McCabe (CGY) for Cross-checking (Minor) at 12:27
2nd period
4. SPOKANE KNIGHTS , Adam Fox 8 (Quinton Byfield 7, Anthony Cirelli 8) at 9:03 (PP)
5. CALGARY FIREMEN , Brett Howden 2 (Jared Spurgeon 9, Isac Lundestrom 5) at 9:47 6. CALGARY FIREMEN , Mason Marchment 3 (Evgeny Kuznetsov 12, Filip Forsberg 11) at 11:21 Penalties :
Ryan Graves (CGY) for Hooking (Minor) at 2:19, Martin Fehervary (CGY) for Cross-checking (Minor) at 8:47, Michael McCarron (CGY) for Cross-checking (Minor) at 11:26, Ridly Greig (SPO) for Interference (Minor) at 16:27
3rd period
7. SPOKANE KNIGHTS , Dylan Guenther 5 (Cole Sillinger 9) at 6:08
8. CALGARY FIREMEN , Brett Howden 3 (Rasmus Sandin 6, Isac Lundestrom 6) at 13:00 Penalties :
Jake McCabe (CGY) for Hooking (Minor) at 1:57
Goalie StatsAlex Lyon (SPO), 11 saves from 15 shots - (0,733), L, 6-6-3, 31:21 minutes
Frederik Andersen (SPO), 10 saves from 11 shots - (0,909), 28:39 minutes Marc-Andre Fleury (CGY), 22 saves from 25 shots - (0,880), W, 8-8-2, 60:00 minutes
Players Stats for SPOKANE KNIGHTSPlayer Name G A P +/- PIM S H SB GA TA FO MP PP MP PK MP ------------------------------------------------------------------------------------ Adam Fox 1 0 1 0 0 2 0 0 0 0 0/0 24:10 4:56 0:00 Anthony Cirelli 0 1 1 -1 0 3 0 0 0 0 14/27 18:52 4:48 0:08 Cole Sillinger 0 1 1 -2 0 1 1 1 0 0 6/12 19:05 3:22 0:57 Connor Zary 0 0 0 -2 0 0 0 0 0 0 0/0 18:08 3:22 0:00 Dylan Guenther 2 0 2 -2 0 4 0 1 0 0 1/1 19:50 4:56 0:08 Evan Bouchard 0 1 1 0 0 5 0 1 0 0 0/0 24:10 4:56 0:00 Joseph Veleno 0 0 0 -1 0 0 1 0 0 0 0/0 6:17 0:08 0:00 Kevin Stenlund 0 0 0 -1 0 0 1 0 0 0 7/8 6:21 0:00 0:12 Kyle Burroughs 0 0 0 -3 0 0 5 1 0 0 0/0 14:53 0:00 0:42 Lars Eller 0 0 0 -1 0 0 1 0 0 0 3/4 17:18 3:22 0:00 Logan O'Connor 0 0 0 -1 0 0 1 0 0 0 0/2 14:50 0:00 0:54 Nick Jensen 0 0 0 -3 0 1 1 0 0 0 0/0 17:28 3:22 0:42 Noah Cates 0 0 0 -1 0 3 0 1 0 0 0/1 6:09 0:00 0:00 Noel Acciari 0 0 0 0 0 3 0 1 0 0 13/25 16:31 0:00 1:39 Quinton Byfield 0 2 2 0 0 1 3 0 0 0 0/0 19:48 4:56 0:00 Radko Gudas 0 0 0 -1 0 0 4 0 0 0 0/0 18:22 0:00 1:17 Ridly Greig 0 0 0 0 2 0 1 0 0 0 0/1 14:51 0:00 0:00 Tyler Myers 0 0 0 -1 0 2 0 0 0 0 0/0 20:57 3:22 1:17 Players Stats for CALGARY FIREMENPlayer Name G A P +/- PIM S H SB GA TA FO MP PP MP PK MP ------------------------------------------------------------------------------------ Andrew Copp 0 1 1 0 0 5 0 0 0 0 9/23 19:05 1:08 0:00 Brett Howden 2 0 2 2 0 2 0 0 0 0 1/8 5:40 0:00 0:00 Calle Jarnkrok 0 0 0 0 0 1 2 0 0 0 1/4 20:01 1:08 5:20 Darren Raddysh 0 0 0 0 0 0 0 1 0 0 0/0 17:53 0:00 4:45 Evgeny Kuznetsov 0 2 2 2 0 0 0 0 0 0 9/16 19:31 0:51 0:00 Fabian Zetterlund 1 0 1 0 0 3 0 0 0 0 0/0 14:24 0:51 0:00 Filip Forsberg 1 1 2 2 0 4 1 0 0 0 0/1 19:31 0:51 0:00 Isac Lundestrom 0 2 2 2 0 1 0 0 0 0 1/1 9:49 0:00 2:58 Jack Drury 0 0 0 0 0 1 0 1 0 0 6/11 16:31 0:00 4:41 Jake McCabe 0 0 0 2 4 1 0 0 0 0 0/0 21:18 0:51 0:00 Jared Spurgeon 0 2 2 2 0 1 1 0 0 0 0/0 18:08 0:51 1:11 Martin Fehervary 0 0 0 2 4 0 3 2 0 0 0/0 20:45 1:08 3:33 Mason Marchment 1 0 1 2 0 5 0 0 0 0 1/2 19:48 1:08 0:00 Michael McCarron 0 0 0 0 2 0 2 0 0 0 1/3 14:01 0:00 2:12 Rasmus Sandin 0 1 1 2 0 0 0 3 0 0 0/0 24:57 1:08 3:20 Ryan Graves 0 0 0 0 2 1 0 5 0 0 0/0 16:54 0:00 3:47 Ryan Johansen 0 0 0 0 0 1 0 0 0 0 8/12 7:40 0:00 1:25 Yakov Trenin 0 0 0 2 0 0 1 0 0 0 0/0 5:40 0:00 0:00 3 Stars
1 - Brett Howden (CGY)
2 - Filip Forsberg (CGY) 3 - Jared Spurgeon (CGY) Power PlaySPOKANE KNIGHTS - 2 on 6 Attempt(s) - 33,33%
CALGARY FIREMEN - 0 on 1 Attempt(s) - 0,00%
Penalty KillSPOKANE KNIGHTS - 1 on 1 Attempt(s) - 100,00%
- Score 0 goal in Penalty Kill
CALGARY FIREMEN - 4 on 6 Attempt(s) - 66,67%
- Score 0 goal in Penalty Kill
Team StatSPOKANE KNIGHTS - Hits : 19 - Faceoff Wins : 44 - Blocked Shots : 6 - Penalty Minutes : 2
CALGARY FIREMEN - Hits : 10 - Faceoff Wins : 37 - Blocked Shots : 12 - Penalty Minutes : 12
Official
Referees : TJ Luxmore and Andrew Howard
Linesman : David Brisebois and Devin Berg Game Notes
Frederik Andersen enters game at 11:21 of 2nd period
Ryan Johansen is injured at 13:09 of 2nd period (Left Hand) FinanceLevel 1 -- Attendance: 6000 (100,00%) -- Ticket Income 870 000 $Level 2 -- Attendance: 5000 (100,00%) -- Ticket Income 550 000 $ Level 3 -- Attendance: 2552 (85,07%) -- Ticket Income 153 120 $ Level 4 -- Attendance: 5000 (100,00%) -- Ticket Income 295 000 $ Luxury Box -- Attendance: 1000 (100,00%) -- Ticket Income 290 000 $ Game was played at the Larouche Stadium. Total Attendance: 19552 (97,76%) Total Ticket Income: 2 158 120 $ Other Expense: 21 581 $ Total Income: 2 136 539 $ SPOKANE KNIGHTS5 vs 5 Forward Center Left Wing Right Wing Time % Phy DF OF 1 Anthony Cirelli Lars Eller Logan O'Connor 30 1 1 3 2 Cole Sillinger Dylan Guenther Connor Zary 30 1 1 3 3 Noel Acciari Ridly Greig Quinton Byfield 30 1 1 3 4 Kevin Stenlund Noah Cates Joseph Veleno 10 1 2 2 5 vs 5 Defense Defense Defense Time % Phy DF OF 1 Adam Fox Evan Bouchard 30 1 3 1 2 Radko Gudas Tyler Myers 30 1 3 1 3 Kyle Burroughs Nick Jensen 25 1 3 1 4 Adam Fox Evan Bouchard 15 1 2 2 PowerPlay Forward Center Left Wing Right Wing Time % Phy DF OF 1 Anthony Cirelli Dylan Guenther Quinton Byfield 60 1 1 3 2 Lars Eller Cole Sillinger Connor Zary 40 1 1 3 PowerPlay Defense Defense Defense Time % Phy DF OF 1 Adam Fox Evan Bouchard 60 1 1 3 2 Nick Jensen Tyler Myers 40 1 2 2 Penalty Kill 4 Players Forward Center Wing Time % Phy DF OF 1 Noel Acciari Cole Sillinger 60 1 2 2 2 Kevin Stenlund Logan O'Connor 40 1 2 2 Penalty Kill 4 Players Defense Defense Defense Time % Phy DF OF 1 Tyler Myers Radko Gudas 60 1 2 2 2 Kyle Burroughs Nick Jensen 40 1 2 2 Penalty Kill - 3 Players Forward Forward Time % Phy DF OF 1 Noel Acciari 55 1 2 2 2 Anthony Cirelli 45 1 2 2 Penalty Kill - 3 Players Defense Defense Defense Time % Phy DF OF 1 Evan Bouchard Adam Fox 55 1 2 2 2 Radko Gudas Tyler Myers 45 1 2 2 4 vs 4 Forward Center Wing Time % Phy DF OF 1 Anthony Cirelli Lars Eller 55 1 2 2 2 Cole Sillinger Dylan Guenther 45 1 2 2 4 vs 4 Defense Defense Defense Time % Phy DF OF 1 Adam Fox Evan Bouchard 55 1 2 2 2 Radko Gudas Nick Jensen 45 1 2 2 Last Minutes Offensive Center Left Wing Right Wing Defense Defense Cole Sillinger Anthony Cirelli Dylan Guenther Adam Fox Evan Bouchard Last Minutes Defensive Center Left Wing Right Wing Defense Defense Noel Acciari Anthony Cirelli Cole Sillinger Adam Fox Evan Bouchard Goaltenders Starting : Alex Lyon Backup : Frederik Andersen Extra Forwards Normal : Lars Eller, Kevin Stenlund, Dylan Guenther - PP : Lars Eller, Connor Zary - PK : Logan O'Connor Extra Defensemen Normal : Nick Jensen, Tyler Myers, Radko Gudas - PP : Kyle Burroughs - PK : Evan Bouchard, Kyle Burroughs Penalty Shots Anthony Cirelli, Dylan Guenther, Quinton Byfield, Noel Acciari, Adam Fox Custom OT Lines Forwards Cole Sillinger, Anthony Cirelli, Lars Eller, Dylan Guenther, Quinton Byfield, Logan O'Connor, Connor Zary, Noel Acciari, Noah Cates, Kevin Stenlund Custom OT Lines Defensemen Adam Fox, Evan Bouchard, Radko Gudas, Nick Jensen, Kyle Burroughs Scratches Shane Pinto (Broken Bone (Left Arm) Injury) CALGARY FIREMEN5 vs 5 Forward Center Left Wing Right Wing Time % Phy DF OF 1 Evgeny Kuznetsov Mason Marchment Filip Forsberg 35 0 1 4 2 Andrew Copp Fabian Zetterlund Calle Jarnkrok 32 0 2 3 3 Ryan Johansen Jack Drury Michael McCarron 24 1 3 1 4 Brett Howden Yakov Trenin Isac Lundestrom 9 1 3 1 5 vs 5 Defense Defense Defense Time % Phy DF OF 1 Jake McCabe Rasmus Sandin 35 0 2 3 2 Martin Fehervary Jared Spurgeon 32 0 2 3 3 Ryan Graves Darren Raddysh 24 0 2 3 4 Jake McCabe Rasmus Sandin 9 0 2 3 PowerPlay Forward Center Left Wing Right Wing Time % Phy DF OF 1 Evgeny Kuznetsov Fabian Zetterlund Filip Forsberg 55 1 0 4 2 Andrew Copp Mason Marchment Calle Jarnkrok 45 1 0 4 PowerPlay Defense Defense Defense Time % Phy DF OF 1 Jake McCabe Jared Spurgeon 55 1 0 4 2 Rasmus Sandin Martin Fehervary 45 1 0 4 Penalty Kill 4 Players Forward Center Wing Time % Phy DF OF 1 Jack Drury Calle Jarnkrok 55 1 4 0 2 Michael McCarron Isac Lundestrom 45 1 4 0 Penalty Kill 4 Players Defense Defense Defense Time % Phy DF OF 1 Ryan Graves Darren Raddysh 55 1 4 0 2 Rasmus Sandin Martin Fehervary 45 1 4 0 Penalty Kill - 3 Players Forward Forward Time % Phy DF OF 1 Andrew Copp 55 1 4 0 2 Jack Drury 45 1 4 0 Penalty Kill - 3 Players Defense Defense Defense Time % Phy DF OF 1 Darren Raddysh Ryan Graves 55 1 4 0 2 Rasmus Sandin Martin Fehervary 45 1 4 0 4 vs 4 Forward Center Wing Time % Phy DF OF 1 Evgeny Kuznetsov Filip Forsberg 55 1 1 3 2 Andrew Copp Mason Marchment 45 1 1 3 4 vs 4 Defense Defense Defense Time % Phy DF OF 1 Jake McCabe Jared Spurgeon 55 1 2 2 2 Rasmus Sandin Martin Fehervary 45 1 2 2 Last Minutes Offensive Center Left Wing Right Wing Defense Defense Evgeny Kuznetsov Mason Marchment Filip Forsberg Jake McCabe Jared Spurgeon Last Minutes Defensive Center Left Wing Right Wing Defense Defense Andrew Copp Fabian Zetterlund Calle Jarnkrok Ryan Graves Martin Fehervary Goaltenders Starting : Marc-Andre Fleury Backup : Samuel Ersson Extra Forwards Normal : Jack Drury, Andrew Copp, Isac Lundestrom - PP : Jack Drury, Michael McCarron - PK : Ryan Johansen Extra Defensemen Normal : Ryan Graves, Darren Raddysh, Rasmus Sandin - PP : Ryan Graves - PK : Darren Raddysh, Rasmus Sandin Penalty Shots Filip Forsberg, Andrew Copp, Fabian Zetterlund, Mason Marchment, Evgeny Kuznetsov Custom OT Lines Forwards Filip Forsberg, Andrew Copp, Fabian Zetterlund, Mason Marchment, Evgeny Kuznetsov, Jack Drury, Michael McCarron, Brett Howden, Yakov Trenin, Ryan Johansen Custom OT Lines Defensemen Jake McCabe, Jared Spurgeon, Rasmus Sandin, Martin Fehervary, Ryan Graves Scratches Cody Glass (Healthy), Gustav Lindstrom (Healthy), Jacob Bryson (Healthy)
Play-by-Play1st period0:01 of 1st period - Evgeny Kuznetsov wins face-off versus Lars Eller in neutral zone. 0:01 of 1st period - Evgeny Kuznetsov is hit by Logan O'Connor. 0:15 of 1st period - Shot by Evan Bouchard. 0:15 of 1st period - Stopped by Marc-Andre Fleury with a rebound. 0:17 of 1st period - Shot by Anthony Cirelli. 0:17 of 1st period - Stopped by Marc-Andre Fleury without a rebound. 0:18 of 1st period - Cole Sillinger wins face-off versus Andrew Copp in CALGARY FIREMEN zone. 0:20 of 1st period - Connor Zary is hit by Martin Fehervary and loses puck. 0:45 of 1st period - Minor Penalty to Martin Fehervary for Hooking. 0:46 of 1st period - Anthony Cirelli wins face-off versus Jack Drury in CALGARY FIREMEN zone. 0:47 of 1st period - Shot by Quinton Byfield. 0:47 of 1st period - Shot Blocked by Ryan Graves. 0:49 of 1st period - Shot by Evan Bouchard. 0:49 of 1st period - Shot Misses the Net. 0:51 of 1st period - Shot by Dylan Guenther. 0:51 of 1st period - Goal by Dylan Guenther - SPOKANE KNIGHTS : 1 - CALGARY FIREMEN : 0. 0:52 of 1st period - Ryan Johansen wins face-off versus Ridly Greig in neutral zone. 1:15 of 1st period - Shot by Ridly Greig. 1:15 of 1st period - Shot Misses the Net. 1:31 of 1st period - Shot by Noel Acciari. 1:31 of 1st period - Shot Blocked by Jack Drury. 1:37 of 1st period - Kyle Burroughs is hit by Michael McCarron and loses puck. 2:08 of 1st period - Shot by Mason Marchment. 2:08 of 1st period - Stopped by Alex Lyon without a rebound. 2:09 of 1st period - Andrew Copp wins face-off versus Anthony Cirelli in SPOKANE KNIGHTS zone. 2:10 of 1st period - Shot by Fabian Zetterlund. 2:10 of 1st period - Shot Misses the Net. 2:17 of 1st period - Off-side. 2:18 of 1st period - Kevin Stenlund wins face-off versus Brett Howden in neutral zone. 2:33 of 1st period - Icing by Kevin Stenlund. 2:34 of 1st period - Kevin Stenlund wins face-off versus Andrew Copp in SPOKANE KNIGHTS zone. 2:48 of 1st period - Shot by Andrew Copp. 2:48 of 1st period - Stopped by Alex Lyon without a rebound. 2:49 of 1st period - Anthony Cirelli wins face-off versus Evgeny Kuznetsov in SPOKANE KNIGHTS zone. 4:15 of 1st period - Icing by Andrew Copp. 4:16 of 1st period - Noel Acciari wins face-off versus Andrew Copp in CALGARY FIREMEN zone. 4:25 of 1st period - Shot by Ridly Greig. 4:25 of 1st period - Shot Misses the Net. 4:35 of 1st period - Shot by Noel Acciari. 4:35 of 1st period - Shot Blocked by Rasmus Sandin. 4:37 of 1st period - Shot by Noel Acciari. 4:37 of 1st period - Stopped by Marc-Andre Fleury without a rebound. 4:38 of 1st period - Ryan Johansen wins face-off versus Cole Sillinger in CALGARY FIREMEN zone. 4:58 of 1st period - Icing by Darren Raddysh. 4:59 of 1st period - Ryan Johansen wins face-off versus Kevin Stenlund in CALGARY FIREMEN zone. 5:04 of 1st period - Shot by Ryan Graves. 5:04 of 1st period - Stopped by Alex Lyon without a rebound. 5:05 of 1st period - Cole Sillinger wins face-off versus Brett Howden in SPOKANE KNIGHTS zone. 5:30 of 1st period - Shot by Yakov Trenin. 5:30 of 1st period - Shot Blocked by Cole Sillinger. 5:46 of 1st period - Shot by Dylan Guenther. 5:46 of 1st period - Stopped by Marc-Andre Fleury without a rebound. 5:47 of 1st period - Anthony Cirelli wins face-off versus Calle Jarnkrok in CALGARY FIREMEN zone. 6:55 of 1st period - Shot by Filip Forsberg. 6:55 of 1st period - Stopped by Alex Lyon with a rebound. 7:13 of 1st period - Shot by Filip Forsberg. 7:13 of 1st period - Goal by Filip Forsberg - SPOKANE KNIGHTS : 1 - CALGARY FIREMEN : 1. 7:14 of 1st period - Noel Acciari wins face-off versus Ryan Johansen in neutral zone. 7:36 of 1st period - Icing by Rasmus Sandin. 7:37 of 1st period - Ryan Johansen wins face-off versus Cole Sillinger in CALGARY FIREMEN zone. 7:37 of 1st period - Ryan Johansen is hit by Kyle Burroughs. 7:50 of 1st period - Shot by Ryan Johansen. 7:50 of 1st period - Shot Misses the Net. 8:04 of 1st period - Shot by Ryan Johansen. 8:04 of 1st period - Stopped by Alex Lyon with a rebound. 8:19 of 1st period - Fabian Zetterlund is hit by Kyle Burroughs and loses puck. 8:24 of 1st period - Shot by Fabian Zetterlund. 8:24 of 1st period - Goal by Fabian Zetterlund - SPOKANE KNIGHTS : 1 - CALGARY FIREMEN : 2. 8:25 of 1st period - Noel Acciari wins face-off versus Evgeny Kuznetsov in neutral zone. 8:51 of 1st period - Off-side. 8:52 of 1st period - Kevin Stenlund wins face-off versus Andrew Copp in neutral zone. 9:52 of 1st period - Icing by Evan Bouchard. 9:53 of 1st period - Noel Acciari wins face-off versus Evgeny Kuznetsov in SPOKANE KNIGHTS zone. 10:29 of 1st period - Shot by Filip Forsberg. 10:29 of 1st period - Shot Blocked by Evan Bouchard. 10:32 of 1st period - Icing by Adam Fox. 10:33 of 1st period - Ryan Johansen wins face-off versus Noel Acciari in SPOKANE KNIGHTS zone. 11:34 of 1st period - Shot by Andrew Copp. 11:34 of 1st period - Shot Misses the Net. 11:36 of 1st period - Shot by Jared Spurgeon. 11:36 of 1st period - Stopped by Alex Lyon without a rebound. 11:37 of 1st period - Evgeny Kuznetsov wins face-off versus Logan O'Connor in SPOKANE KNIGHTS zone. 12:27 of 1st period - Minor Penalty to Jake McCabe for Cross-checking. 12:28 of 1st period - Jack Drury wins face-off versus Anthony Cirelli in CALGARY FIREMEN zone. 13:14 of 1st period - Icing by Evan Bouchard. 13:15 of 1st period - Michael McCarron wins face-off versus Anthony Cirelli in SPOKANE KNIGHTS zone. 13:18 of 1st period - Shot by Isac Lundestrom. 13:18 of 1st period - Stopped by Alex Lyon with a rebound. 13:40 of 1st period - Lars Eller is hit by Calle Jarnkrok and loses puck. 15:08 of 1st period - Filip Forsberg is hit by Joseph Veleno and loses puck. 15:33 of 1st period - Shot by Evan Bouchard. 15:33 of 1st period - Stopped by Marc-Andre Fleury without a rebound. 15:34 of 1st period - Cole Sillinger wins face-off versus Andrew Copp in CALGARY FIREMEN zone. 16:04 of 1st period - Darren Raddysh is hit by Cole Sillinger and loses puck. 16:24 of 1st period - Icing by Evan Bouchard. 16:25 of 1st period - Dylan Guenther wins face-off versus Ryan Johansen in SPOKANE KNIGHTS zone. 17:13 of 1st period - Icing by Lars Eller. 17:14 of 1st period - Mason Marchment wins face-off versus Anthony Cirelli in SPOKANE KNIGHTS zone. 17:29 of 1st period - Shot by Evgeny Kuznetsov. 17:29 of 1st period - Shot Misses the Net. 18:15 of 1st period - Ryan Graves is hit by Radko Gudas and loses puck. 19:30 of 1st period - Shot by Jack Drury. 19:30 of 1st period - Stopped by Alex Lyon without a rebound. 19:31 of 1st period - Noel Acciari wins face-off versus Brett Howden in SPOKANE KNIGHTS zone. Goals for this period are 1 for SPOKANE KNIGHTS vs 2 for CALGARY FIREMEN. Shots for this period are 6 for SPOKANE KNIGHTS vs 10 for CALGARY FIREMEN. 2nd period0:01 of 2nd period - Andrew Copp wins face-off versus Noel Acciari in neutral zone. 0:08 of 2nd period - Shot by Andrew Copp. 0:08 of 2nd period - Shot Misses the Net. 1:28 of 2nd period - Icing by Dylan Guenther. 1:29 of 2nd period - Cole Sillinger wins face-off versus Ryan Johansen in SPOKANE KNIGHTS zone. 1:35 of 2nd period - Connor Zary is hit by Martin Fehervary and loses puck. 2:08 of 2nd period - Shot by Joseph Veleno. 2:08 of 2nd period - Shot Misses the Net. 2:12 of 2nd period - Shot by Noah Cates. 2:12 of 2nd period - Stopped by Marc-Andre Fleury without a rebound. 2:13 of 2nd period - Anthony Cirelli wins face-off versus Mason Marchment in CALGARY FIREMEN zone. 2:19 of 2nd period - Minor Penalty to Ryan Graves for Hooking. 2:20 of 2nd period - Jack Drury wins face-off versus Anthony Cirelli in CALGARY FIREMEN zone. 2:58 of 2nd period - Jared Spurgeon is hit by Quinton Byfield and loses puck. 4:14 of 2nd period - Shot by Adam Fox. 4:14 of 2nd period - Shot Misses the Net. 4:23 of 2nd period - Icing by Jake McCabe. 4:24 of 2nd period - Kevin Stenlund wins face-off versus Evgeny Kuznetsov in CALGARY FIREMEN zone. 4:25 of 2nd period - Shot by Noah Cates. 4:25 of 2nd period - Stopped by Marc-Andre Fleury without a rebound. 4:26 of 2nd period - Evgeny Kuznetsov wins face-off versus Noah Cates in CALGARY FIREMEN zone. 4:32 of 2nd period - Mason Marchment is hit by Radko Gudas and loses puck. 4:55 of 2nd period - Shot by Mason Marchment. 4:55 of 2nd period - Shot Misses the Net. 5:00 of 2nd period - Filip Forsberg is hit by Radko Gudas and loses puck. 5:08 of 2nd period - Off-side. 5:09 of 2nd period - Noel Acciari wins face-off versus Ryan Johansen in neutral zone. 6:31 of 2nd period - Connor Zary is hit by Martin Fehervary and loses puck. 6:52 of 2nd period - Shot by Andrew Copp. 6:52 of 2nd period - Shot Misses the Net. 6:54 of 2nd period - Shot by Andrew Copp. 6:54 of 2nd period - Stopped by Alex Lyon with a rebound. 7:11 of 2nd period - Shot by Filip Forsberg. 7:11 of 2nd period - Stopped by Alex Lyon with a rebound. 8:37 of 2nd period - Radko Gudas is hit by Yakov Trenin. 8:40 of 2nd period - Off-side. 8:41 of 2nd period - Kevin Stenlund wins face-off versus Andrew Copp in neutral zone. 8:47 of 2nd period - Minor Penalty to Martin Fehervary for Cross-checking. 8:48 of 2nd period - Jack Drury wins face-off versus Anthony Cirelli in CALGARY FIREMEN zone. 8:59 of 2nd period - Shot by Adam Fox. 8:59 of 2nd period - Shot Blocked by Ryan Graves. 9:01 of 2nd period - Shot by Quinton Byfield. 9:01 of 2nd period - Shot Blocked by Ryan Graves. 9:03 of 2nd period - Shot by Adam Fox. 9:03 of 2nd period - Goal by Adam Fox - SPOKANE KNIGHTS : 2 - CALGARY FIREMEN : 2. 9:04 of 2nd period - Kevin Stenlund wins face-off versus Brett Howden in neutral zone. 9:47 of 2nd period - Shot by Brett Howden. 9:47 of 2nd period - Goal by Brett Howden - SPOKANE KNIGHTS : 2 - CALGARY FIREMEN : 3. 9:48 of 2nd period - Andrew Copp wins face-off versus Noel Acciari in neutral zone. 10:03 of 2nd period - Shot by Andrew Copp. 10:03 of 2nd period - Shot Hit the Post. 10:27 of 2nd period - Shot by Quinton Byfield. 10:27 of 2nd period - Shot Blocked by Ryan Graves. 11:07 of 2nd period - Shot by Mason Marchment. 11:07 of 2nd period - Stopped by Alex Lyon with a rebound. 11:17 of 2nd period - Shot by Mason Marchment. 11:17 of 2nd period - Deflect By Filip Forsberg. 11:17 of 2nd period - Shot Misses the Net. 11:19 of 2nd period - Shot by Evgeny Kuznetsov. 11:19 of 2nd period - Shot Misses the Net. 11:21 of 2nd period - Shot by Mason Marchment. 11:21 of 2nd period - Goal by Mason Marchment - SPOKANE KNIGHTS : 2 - CALGARY FIREMEN : 4. 11:21 of 2nd period - Frederik Andersen enters game. 11:22 of 2nd period - Ryan Johansen wins face-off versus Anthony Cirelli in neutral zone. 11:26 of 2nd period - Minor Penalty to Michael McCarron for Cross-checking. 11:27 of 2nd period - Jack Drury wins face-off versus Cole Sillinger in CALGARY FIREMEN zone. 11:59 of 2nd period - Shot by Lars Eller. 11:59 of 2nd period - Shot Misses the Net. 12:01 of 2nd period - Shot by Lars Eller. 12:01 of 2nd period - Shot Misses the Net. 12:03 of 2nd period - Shot by Cole Sillinger. 12:03 of 2nd period - Shot Blocked by Rasmus Sandin. 12:21 of 2nd period - Shot by Anthony Cirelli. 12:21 of 2nd period - Stopped by Marc-Andre Fleury without a rebound. 12:22 of 2nd period - Ryan Johansen wins face-off versus Anthony Cirelli in CALGARY FIREMEN zone. 12:39 of 2nd period - Shot by Dylan Guenther. 12:39 of 2nd period - Shot Misses the Net. 12:41 of 2nd period - Shot by Adam Fox. 12:41 of 2nd period - Stopped by Marc-Andre Fleury without a rebound. 12:42 of 2nd period - Jack Drury wins face-off versus Anthony Cirelli in CALGARY FIREMEN zone. 12:51 of 2nd period - Shot by Evan Bouchard. 12:51 of 2nd period - Stopped by Marc-Andre Fleury without a rebound. 12:52 of 2nd period - Cole Sillinger wins face-off versus Jack Drury in CALGARY FIREMEN zone. 13:07 of 2nd period - Shot by Tyler Myers. 13:07 of 2nd period - Stopped by Marc-Andre Fleury without a rebound. 13:08 of 2nd period - Ryan Johansen wins face-off versus Anthony Cirelli in CALGARY FIREMEN zone. 13:08 of 2nd period - Ryan Johansen is hit by Quinton Byfield. 13:09 of 2nd period - Ryan Johansen from CALGARY FIREMEN is injured at 13:09 of 2nd period (Left Hand). 13:10 of 2nd period - Jack Drury wins face-off versus Anthony Cirelli in CALGARY FIREMEN zone. 13:20 of 2nd period - Off-side. 13:21 of 2nd period - Anthony Cirelli wins face-off versus Jack Drury in neutral zone. 13:36 of 2nd period - Shot by Nick Jensen. 13:36 of 2nd period - Stopped by Marc-Andre Fleury with a rebound. 13:38 of 2nd period - Shot by Noah Cates. 13:38 of 2nd period - Stopped by Marc-Andre Fleury without a rebound. 13:39 of 2nd period - Noel Acciari wins face-off versus Calle Jarnkrok in CALGARY FIREMEN zone. 13:46 of 2nd period - Shot by Andrew Copp. 13:46 of 2nd period - Stopped by Frederik Andersen with a rebound. 14:18 of 2nd period - Shot by Noel Acciari. 14:18 of 2nd period - Stopped by Marc-Andre Fleury without a rebound. 14:19 of 2nd period - Isac Lundestrom wins face-off versus Cole Sillinger in CALGARY FIREMEN zone. 14:39 of 2nd period - Jack Drury is hit by Kyle Burroughs and loses puck. 15:10 of 2nd period - Shot by Filip Forsberg. 15:10 of 2nd period - Shot Misses the Net. 15:39 of 2nd period - Filip Forsberg is hit by Kyle Burroughs and loses puck. 16:12 of 2nd period - Shot by Fabian Zetterlund. 16:12 of 2nd period - Stopped by Frederik Andersen with a rebound. 16:22 of 2nd period - Shot by Adam Fox. 16:22 of 2nd period - Shot Blocked by Martin Fehervary. 16:24 of 2nd period - Shot by Lars Eller. 16:24 of 2nd period - Shot Misses the Net. 16:26 of 2nd period - Shot by Evan Bouchard. 16:26 of 2nd period - Stopped by Marc-Andre Fleury without a rebound. 16:27 of 2nd period - Brett Howden wins face-off versus Noel Acciari in CALGARY FIREMEN zone. 16:27 of 2nd period - Minor Penalty to Ridly Greig for Interference. 16:28 of 2nd period - Evgeny Kuznetsov wins face-off versus Logan O'Connor in SPOKANE KNIGHTS zone. 16:57 of 2nd period - Shot by Filip Forsberg. 16:57 of 2nd period - Shot Misses the Net. 16:59 of 2nd period - Shot by Jake McCabe. 16:59 of 2nd period - Shot Blocked by Noel Acciari. 17:01 of 2nd period - Shot by Evgeny Kuznetsov. 17:01 of 2nd period - Deflect By Filip Forsberg. 17:01 of 2nd period - Stopped by Frederik Andersen with a rebound. 17:03 of 2nd period - Shot by Jake McCabe. 17:03 of 2nd period - Shot Misses the Net. 17:07 of 2nd period - Shot by Filip Forsberg. 17:07 of 2nd period - Shot Misses the Net. 17:09 of 2nd period - Shot by Jake McCabe. 17:09 of 2nd period - Stopped by Frederik Andersen without a rebound. 17:10 of 2nd period - Andrew Copp wins face-off versus Noel Acciari in SPOKANE KNIGHTS zone. 17:11 of 2nd period - Shot by Mason Marchment. 17:11 of 2nd period - Shot Misses the Net. 17:23 of 2nd period - Shot by Calle Jarnkrok. 17:23 of 2nd period - Stopped by Frederik Andersen without a rebound. 17:24 of 2nd period - Noel Acciari wins face-off versus Andrew Copp in SPOKANE KNIGHTS zone. 17:24 of 2nd period - Noel Acciari is hit by Calle Jarnkrok. 17:51 of 2nd period - Icing by Rasmus Sandin. 17:52 of 2nd period - Andrew Copp wins face-off versus Noel Acciari in CALGARY FIREMEN zone. 18:49 of 2nd period - Shot by Anthony Cirelli. 18:49 of 2nd period - Shot Blocked by Ryan Graves. 18:51 of 2nd period - Shot by Evan Bouchard. 18:51 of 2nd period - Stopped by Marc-Andre Fleury without a rebound. 18:52 of 2nd period - Kevin Stenlund wins face-off versus Brett Howden in CALGARY FIREMEN zone. 19:03 of 2nd period - Shot by Joseph Veleno. 19:03 of 2nd period - Shot Blocked by Rasmus Sandin. 19:21 of 2nd period - Shot by Brett Howden. 19:21 of 2nd period - Shot Blocked by Noah Cates. 19:23 of 2nd period - Shot by Brett Howden. 19:23 of 2nd period - Shot Misses the Net. 19:25 of 2nd period - Shot by Yakov Trenin. 19:25 of 2nd period - Shot Misses the Net. 19:27 of 2nd period - Shot by Isac Lundestrom. 19:27 of 2nd period - Shot Misses the Net. 19:41 of 2nd period - Shot by Andrew Copp. 19:41 of 2nd period - Stopped by Frederik Andersen without a rebound. 19:42 of 2nd period - Anthony Cirelli wins face-off versus Evgeny Kuznetsov in SPOKANE KNIGHTS zone. Goals for this period are 1 for SPOKANE KNIGHTS vs 2 for CALGARY FIREMEN. Shots for this period are 12 for SPOKANE KNIGHTS vs 11 for CALGARY FIREMEN. 3rd period0:01 of 3rd period - Andrew Copp wins face-off versus Noel Acciari in neutral zone. 0:08 of 3rd period - Shot by Fabian Zetterlund. 0:08 of 3rd period - Shot Misses the Net. 0:38 of 3rd period - Shot by Quinton Byfield. 0:38 of 3rd period - Stopped by Marc-Andre Fleury without a rebound. 0:39 of 3rd period - Evgeny Kuznetsov wins face-off versus Anthony Cirelli in CALGARY FIREMEN zone. 0:52 of 3rd period - Shot by Mason Marchment. 0:52 of 3rd period - Stopped by Frederik Andersen without a rebound. 0:53 of 3rd period - Andrew Copp wins face-off versus Cole Sillinger in SPOKANE KNIGHTS zone. 0:54 of 3rd period - Shot by Michael McCarron. 0:54 of 3rd period - Shot Blocked by Kyle Burroughs. 1:24 of 3rd period - Shot by Andrew Copp. 1:24 of 3rd period - Stopped by Frederik Andersen without a rebound. 1:25 of 3rd period - Evgeny Kuznetsov wins face-off versus Noel Acciari in SPOKANE KNIGHTS zone. 1:57 of 3rd period - Minor Penalty to Jake McCabe for Hooking. 1:58 of 3rd period - Lars Eller wins face-off versus Calle Jarnkrok in CALGARY FIREMEN zone. 2:12 of 3rd period - Icing by Tyler Myers. 2:13 of 3rd period - Lars Eller wins face-off versus Jack Drury in SPOKANE KNIGHTS zone. 2:30 of 3rd period - Shot by Lars Eller. 2:30 of 3rd period - Shot Misses the Net. 2:32 of 3rd period - Shot by Tyler Myers. 2:32 of 3rd period - Shot Misses the Net. 2:34 of 3rd period - Shot by Lars Eller. 2:34 of 3rd period - Shot Blocked by Darren Raddysh. 2:36 of 3rd period - Shot by Tyler Myers. 2:36 of 3rd period - Stopped by Marc-Andre Fleury without a rebound. 2:37 of 3rd period - Anthony Cirelli wins face-off versus Michael McCarron in CALGARY FIREMEN zone. 2:42 of 3rd period - Shot by Evan Bouchard. 2:42 of 3rd period - Shot Misses the Net. 2:53 of 3rd period - Icing by Evan Bouchard. 2:54 of 3rd period - Anthony Cirelli wins face-off versus Michael McCarron in SPOKANE KNIGHTS zone. 3:55 of 3rd period - Icing by Lars Eller. 3:56 of 3rd period - Lars Eller wins face-off versus Jack Drury in SPOKANE KNIGHTS zone. 4:30 of 3rd period - Filip Forsberg is hit by Radko Gudas and loses puck. 4:37 of 3rd period - Evgeny Kuznetsov is hit by Kevin Stenlund and loses puck. 5:39 of 3rd period - Shot by Quinton Byfield. 5:39 of 3rd period - Shot Misses the Net. 5:49 of 3rd period - Shot by Noel Acciari. 5:49 of 3rd period - Stopped by Marc-Andre Fleury without a rebound. 5:50 of 3rd period - Calle Jarnkrok wins face-off versus Cole Sillinger in CALGARY FIREMEN zone. 6:04 of 3rd period - Shot by Dylan Guenther. 6:04 of 3rd period - Shot Misses the Net. 6:06 of 3rd period - Shot by Dylan Guenther. 6:06 of 3rd period - Shot Misses the Net. 6:08 of 3rd period - Shot by Dylan Guenther. 6:08 of 3rd period - Goal by Dylan Guenther - SPOKANE KNIGHTS : 3 - CALGARY FIREMEN : 4. 6:09 of 3rd period - Noel Acciari wins face-off versus Andrew Copp in neutral zone. 6:38 of 3rd period - Shot by Quinton Byfield. 6:38 of 3rd period - Shot Misses the Net. 8:29 of 3rd period - Shot by Dylan Guenther. 8:29 of 3rd period - Stopped by Marc-Andre Fleury without a rebound. 8:30 of 3rd period - Evgeny Kuznetsov wins face-off versus Noel Acciari in CALGARY FIREMEN zone. 8:38 of 3rd period - Icing by Noel Acciari. 8:39 of 3rd period - Noel Acciari wins face-off versus Filip Forsberg in SPOKANE KNIGHTS zone. 9:15 of 3rd period - Icing by Rasmus Sandin. 9:16 of 3rd period - Anthony Cirelli wins face-off versus Evgeny Kuznetsov in CALGARY FIREMEN zone. 9:54 of 3rd period - Icing by Tyler Myers. 9:55 of 3rd period - Anthony Cirelli wins face-off versus Andrew Copp in SPOKANE KNIGHTS zone. 10:26 of 3rd period - Shot by Fabian Zetterlund. 10:26 of 3rd period - Stopped by Frederik Andersen without a rebound. 10:27 of 3rd period - Andrew Copp wins face-off versus Noel Acciari in SPOKANE KNIGHTS zone. 11:20 of 3rd period - Icing by Darren Raddysh. 11:21 of 3rd period - Cole Sillinger wins face-off versus Andrew Copp in CALGARY FIREMEN zone. 11:47 of 3rd period - Jack Drury is hit by Kyle Burroughs and loses puck. 12:00 of 3rd period - Shot by Filip Forsberg. 12:00 of 3rd period - Shot Blocked by Dylan Guenther. 12:31 of 3rd period - Evgeny Kuznetsov is hit by Nick Jensen and loses puck. 13:00 of 3rd period - Shot by Brett Howden. 13:00 of 3rd period - Goal by Brett Howden - SPOKANE KNIGHTS : 3 - CALGARY FIREMEN : 5. 13:01 of 3rd period - Anthony Cirelli wins face-off versus Brett Howden in neutral zone. 13:16 of 3rd period - Shot by Anthony Cirelli. 13:16 of 3rd period - Shot Misses the Net. 13:18 of 3rd period - Shot by Logan O'Connor. 13:18 of 3rd period - Shot Misses the Net. 13:33 of 3rd period - Off-side. 13:34 of 3rd period - Evgeny Kuznetsov wins face-off versus Noel Acciari in neutral zone. 13:36 of 3rd period - Off-side. 13:37 of 3rd period - Noel Acciari wins face-off versus Evgeny Kuznetsov in neutral zone. 13:45 of 3rd period - Ridly Greig is hit by Jared Spurgeon and loses puck. 14:10 of 3rd period - Noel Acciari is hit by Filip Forsberg and loses puck. 14:22 of 3rd period - Shot by Mason Marchment. 14:22 of 3rd period - Stopped by Frederik Andersen without a rebound. 14:23 of 3rd period - Anthony Cirelli wins face-off versus Andrew Copp in SPOKANE KNIGHTS zone. 14:28 of 3rd period - Jake McCabe is hit by Lars Eller and loses puck. 14:50 of 3rd period - Icing by Evan Bouchard. 14:51 of 3rd period - Anthony Cirelli wins face-off versus Andrew Copp in SPOKANE KNIGHTS zone. 14:51 of 3rd period - Anthony Cirelli is hit by Michael McCarron. 15:51 of 3rd period - Shot by Connor Zary. 15:51 of 3rd period - Shot Blocked by Martin Fehervary. 16:04 of 3rd period - Shot by Cole Sillinger. 16:04 of 3rd period - Stopped by Marc-Andre Fleury without a rebound. 16:05 of 3rd period - Noel Acciari wins face-off versus Brett Howden in CALGARY FIREMEN zone. 16:49 of 3rd period - Icing by Radko Gudas. 16:50 of 3rd period - Evgeny Kuznetsov wins face-off versus Noel Acciari in SPOKANE KNIGHTS zone. 17:13 of 3rd period - Shot by Filip Forsberg. 17:13 of 3rd period - Shot Misses the Net. 18:02 of 3rd period - Shot by Lars Eller. 18:02 of 3rd period - Shot Misses the Net. 18:04 of 3rd period - Shot by Anthony Cirelli. 18:04 of 3rd period - Stopped by Marc-Andre Fleury without a rebound. 18:05 of 3rd period - Andrew Copp wins face-off versus Anthony Cirelli in CALGARY FIREMEN zone. 18:09 of 3rd period - Off-side. 18:10 of 3rd period - Anthony Cirelli wins face-off versus Andrew Copp in neutral zone. 18:21 of 3rd period - Shot by Fabian Zetterlund. 18:21 of 3rd period - Shot Misses the Net. 18:34 of 3rd period - Icing by Jake McCabe. 18:35 of 3rd period - Noel Acciari wins face-off versus Andrew Copp in CALGARY FIREMEN zone. 18:44 of 3rd period - Rasmus Sandin is hit by Quinton Byfield and loses puck. 19:23 of 3rd period - Andrew Copp is hit by Ridly Greig and loses puck. Goals for this period are 1 for SPOKANE KNIGHTS vs 1 for CALGARY FIREMEN. Shots for this period are 7 for SPOKANE KNIGHTS vs 5 for CALGARY FIREMEN. Back to the Top |
![]() |
![]() |
![]() |
MATTHEW TKACHUK |
TOM WILSON |
JAKE GUENTZEL |